 Dungeon Crawl Stone Soup version 0.24-a0-464-g6b2be6b8c7 (webtiles) character file.

Game seed: 17437950704018230237

97 Inarius the Chucker (level 4, 0/34 HPs)
             Began as a Demonspawn Hunter on July 3, 2019.
             Killed by divine providence
             ... invoked by an orc priest
              (12 damage)
             ... on level 2 of the Dungeon.
             The game lasted 00:03:09 (1722 turns).

Inarius the Chucker (Demonspawn Hunter)             Turns: 1722, Time: 00:03:09

Health: 0/34       AC: 10    Str: 13    XL:     4   Next: 42%
Magic:  0/4        EV:  6    Int: 12    God:
Gold:   123        SH:  7    Dex: 14    Spells: 3/3 levels left

rFire    . . .     SeeInvis .   i - +0 hand axe
rCold    . . .     Gourm    .   l - +0 shield
rNeg     . . .     Faith    .   b - +0 scale mail
rPois    .         Spirit   +   e - +0 helmet
rElec    .         Reflect  .   h - +0 cloak
rCorr    .         Harm     .   (no gloves)
MR       +....                  j - +1 pair of boots
Stlth    ..........             p - amulet of inaccuracy (curse)
HPRegen  0.11/turn              m - ring of protection from magic
MPRegen  0.18/turn              (no ring)

@: no status effects
A: magic shield, magic regeneration
a: no special abilities


You were on level 2 of the Dungeon.
You were not hungry.

You visited 1 branch of the dungeon, and saw 3 of its levels.

You collected 123 gold pieces.

Inventory:

Hand Weapons
 a - a +0 short sword
 i - a +0 hand axe (weapon)
Missiles
 c - 6 javelins (quivered)
 d - 2 throwing nets
Armour
 b - a +0 scale mail (worn)
 e - a +0 helmet (worn)
 h - a +0 cloak (worn)
 j - a +1 pair of boots (worn)
 l - a +0 shield (worn)
Jewellery
 m - a ring of protection from magic (left hand)
 p - a cursed amulet of inaccuracy (around neck)
Wands
 o - a wand of flame (10)
Potions
 g - a potion of haste {unknown}
 k - a potion of magic {unknown}
 q - a potion of lignification {unknown}
Comestibles
 f - 9 rations


   Skills:
 * Level 2.7 Fighting
 - Level 0.2 Short Blades
 * Level 2.1 Axes
 + Level 4.0 Throwing
 + Level 0.6 Armour
 + Level 2.1 Dodging
 - Level 0.8 Stealth
 + Level 0.1 Shields


You had 3 spell levels left.
You didn't know any spells.
Your spell library was empty.

Dungeon Overview and Level Annotations

Branches:
Dungeon (3/15)

Altars:


Innate Abilities, Weirdness & Mutations

When hurt, damage is shared between your health and your magic reserves.
You regenerate magic rapidly.


Message History

You hit the orc priest but do no damage.
The orc priest hits you with a +0 falchion.
You hit the orc priest but do no damage.
You block the orc priest's attack.
You hit the orc priest but do no damage.
The orc priest hits you but does no damage.
Your shield and scale mail prevent you from hitting the orc priest.
You block the orc priest's attack.
You hit the orc priest but do no damage.
The orc priest hits you but does no damage.
You block the orc priest's attack.
You hit the orc priest but do no damage.
The orc priest hits you but does no damage.
You closely miss the orc priest.
The orc priest hits you with a +0 falchion.
You barely miss the orc priest. You block the orc priest's attack.
You barely miss the orc priest.
The orc priest calls down the wrath of Beogh upon you.
Beogh smites you!
You die...

#.###.##..# # #.#
#....## # #.# ####.#
#.# #.##### #.#
##(.....
#######<#####.......
#..........##.......
#...o...............
#..@.......#..##...#
#..).......#.#####..
#..........#.# ###
############.# #
##.# # #.># #.## ##
#.#######.
#.##......


You could see an orc priest.

Vanquished Creatures
  Jessica (D:2)
  A gnoll (D:1)
  An adder (D:2)
  A dart slug (D:2)
  2 leopard geckos
  A ball python (D:1)
  A giant cockroach (D:1)
  8 goblins
  4 hobgoblins
  A quokka (D:2)
  10 bats
  5 frilled lizards
  6 kobolds
  9 rats
51 creatures vanquished.

Notes
Turn   | Place    | Note
-------+----------+-------------------------------------------
     0 | D:1      | Inarius the Demonspawn Hunter began the quest for the Orb.
     0 | D:1      | Reached XP level 1. HP: 16/16 MP: 1/1
    38 | D:1      | You fall into a shaft and drop 1 floor!
   371 | D:1      | Gained mutation: When hurt, damage is shared between your
                  | health and your magic reserves. [demonic ancestry]
   371 | D:1      | Reached XP level 2. HP: 22/22 MP: 2/2
   423 | D:1      | Reached skill level 4 in Throwing
   557 | D:1      | Gained mutation: You regenerate magic rapidly. [demonic
                  | ancestry]
   557 | D:1      | Reached XP level 3. HP: 23/28 MP: 1/3
   964 | D:1      | Reached skill level 1 in Axes
  1181 | D:2      | Noticed Jessica
  1192 | D:2      | Killed Jessica
  1192 | D:2      | Reached XP level 4. HP: 17/34 MP: 0/4
  1722 | D:2      | Killed from afar by an orc priest

Levels and vault maps discovered:
D:1:      dpeg_arrival_brainrot, layout_loops_cross
D:2:      layout_rooms, uniq_jessica
D:3:      layout_basic

Skill      XL: |  1  2  3  4 |
---------------+-------------+-----
Dodging        | 2 |  2.1
Throwing       | 4 |  4.0
Axes           | 1 2 |  2.1
Fighting       | |  2.7
Short Blades   | |  0.2
Armour         | |  0.6
Stealth        | |  0.8
Shields        | |  0.1

Action                   |  1- 3 |  4- 6 || total
-------------------------+-------+-------++-------
Melee: Short sword       |    11 |       ||    11
       Hand axe          |    92 |    60 ||   152
Throw: Javelin           |       |     2 ||     2
  Eat: Chunk             |     1 |     2 ||     3
Armor: Leather armour    |    36 |       ||    36
       Scale mail        |    18 |    31 ||    49
Dodge: Dodged            |    74 |    12 ||    86
Block: Shield            |     9 |    24 ||    33

Table legend:
 A = Non-vault XP
 B = Vault XP
 C = Vault XP percentage of total XP
 D = Non-vault monster count
 E = Vault monster count
 F = Vault count percentage of total count
                 A         B        C        D         E       F
            +---------+---------+-------+---------+---------+-------
      Total |     102 |      37 |  26.6 |      50 |       1 |   2.0
            +---------+---------+-------+---------+---------+-------
        D:1 |      60 |       0 |   0.0 |      31 |       0 |   0.0
        D:2 |      41 |      37 |  47.4 |      18 |       1 |   5.3
        D:3 |       1 |       0 |   0.0 |       1 |       0 |   0.0
            +---------+---------+-------+---------+---------+-------
